 Dungeon Crawl Stone Soup version 0.22.1-1-ga44c0e5 (webtiles) character file.

81 KyallowQueen the Skirmisher (level 4, -1/38 HPs)
             Began as a Hill Orc Wanderer on Nov 1, 2018.
             Was an Initiate of Qazlal.
             Slain by a giant cockroach (2 damage)
             ... on level 5 of the Dungeon.
             The game lasted 00:20:00 (1258 turns).

KyallowQueen the Skirmisher (Hill Orc Wanderer)     Turns: 1258, Time: 00:20:01

Health: -1/38      AC:  8    Str: 15    XL:     4   Next: 40%
Magic:  5/5        EV:  6    Int: 16    God:    Qazlal [......]
Gold:   40         SH:  0    Dex:  9    Spells: 5/5 levels left

rFire    . . .     SeeInvis .   p - +0 hand axe
rCold    . . .     Gourm    .   (no shield)
rNeg     . . .     Faith    .   k - +0 chain mail
rPois    .         Spirit   .   (no helmet)
rElec    .         Reflect  .   (no cloak)
rCorr    .         Harm     .   (no gloves)
MR       .....                  (no boots)
Stlth    ..........             (no amulet)
HPRegen  0.12/turn              o - +3 ring of intelligence
MPRegen  0.09/turn              (no ring)

@: no status effects
A: no striking features
a: Renounce Religion


You were on level 5 of the Dungeon.
You worshipped Qazlal.
Qazlal was noncommittal.
You were very hungry.

You visited 1 branch of the dungeon, and saw 6 of its levels.

You collected 40 gold pieces.

Inventory:

Hand Weapons
 a - a +2 dagger
 b - a +0 flail
 d - a +0 falchion
 p - a +0 hand axe (weapon)
 q - a +0 trident
Missiles
 g - 77 stones (quivered)
 i - 12 poisoned needles
 m - 20 arrows
Armour
 e - a +0 robe
 k - a +0 chain mail (worn)
Jewellery
 h - an uncursed amulet of the gourmand {unknown}
 o - a +3 ring of intelligence (left hand)
Potions
 c - a potion of lignification
 n - a potion of brilliance
Comestibles
 f - 2 rations


   Skills:
 + Level 3.2 Fighting
 + Level 2.9 Long Blades
 + Level 1.0 Axes
 + Level 1.6 Throwing
 + Level 0.4 Armour
 - Level 0.9 Dodging
 + Level 1.7 Stealth
 - Level 1.0 Spellcasting
   Level 1.1 Fire Magic
   Level 1.0 Earth Magic
 + Level 0.6 Invocations
   Level 1.0 Evocations


You had 5 spell levels left.
You didn't know any spells.
Your spell library was empty.

Dungeon Overview and Level Annotations

Branches:
Dungeon (6/15)
 Temple: D:4-7

Altars:
Qazlal


Message History

The giant cockroach bites you but does no damage.
You hit the giant cockroach but do no damage.
The giant cockroach is severely wounded.
The giant cockroach bites you but does no damage. x2
You hit the giant cockroach but do no damage.
The giant cockroach is severely wounded.
The giant cockroach bites you.
* * * LOW HITPOINT WARNING * * *
The giant cockroach bites you but does no damage.
Your chain mail prevents you from hitting the giant cockroach.
The giant cockroach is severely wounded.
The giant cockroach bites you but does no damage.
Your chain mail prevents you from hitting the giant cockroach.
The giant cockroach is severely wounded.
The giant cockroach bites you but does no damage.
You closely miss the giant cockroach.
The giant cockroach is severely wounded.
The giant cockroach bites you but does no damage.
The giant cockroach bites you.
You die...

### #.. #.#
#.# #.#
#.####.#.##
#>s@.......
#.####...##
#.# ## #.#
#)# #.# #..
###


You could see a giant cockroach.

Vanquished Creatures
  Terence (D:2)
  A worker ant (D:5)
  2 dart slugs
  5 orcs (D:4)
  2 giant cockroaches (D:5)
  3 goblins
  2 hobgoblins
  A kobold (D:3)
  A ball python (D:1)
  4 bats
  3 frilled lizards
  A rat (D:2)
26 creatures vanquished.

Notes
Turn   | Place    | Note
-------+----------+-------------------------------------------
     0 | D:1      | KyallowQueen the Hill Orc Wanderer began the quest for the
                  | Orb.
     0 | D:1      | KyallowQueen set off with: a +2 dagger, a potion of berserk
                  | rage, a potion of lignification, a +0 falchion, a +0 robe,
                  | a ration
     0 | D:1      | Reached XP level 1. HP: 18/18 MP: 2/2
   204 | D:1      | Reached XP level 2. HP: 24/25 MP: 3/3
   385 | D:2      | Noticed Terence
   406 | D:2      | Killed Terence
   406 | D:2      | Reached skill level 3 in Fighting
   406 | D:2      | Reached XP level 3. HP: 30/31 MP: 4/4
   511 | D:3      | Found a stormy altar of Qazlal.
   556 | D:3      | Became a worshipper of Qazlal Stormbringer
   928 | D:5      | Entered Level 5 of the Dungeon
   961 | D:5      | Reached skill level 1 in Axes
   961 | D:5      | Reached XP level 4. HP: 28/38 MP: 5/5
  1204 | D:6      | Noticed a bullfrog
  1250 | D:5      | HP: 1/38 [giant cockroach (2)]
  1255 | D:5      | HP: 1/38 [giant cockroach (1)]
  1258 | D:5      | Slain by a giant cockroach

Skill      XL: |  1  2  3 |
---------------+----------+-----
Fighting       | 3 |  3.2
Axes           | 1 |  1.0
Long Blades    | |  2.9
Throwing       | |  1.6
Armour         | |  0.4
Dodging        | |  0.9
Stealth        | |  1.7
Spellcasting   | |  1.0
Fire Magic     | |  1.1
Earth Magic    | |  1.0
Invocations    | |  0.6
Evocations     | |  1.0

Action                   |  1- 3 |  4- 6 || total
-------------------------+-------+-------++-------
Melee: Falchion          |    80 |     1 ||    81
       Hand axe          |       |    38 ||    38
Throw: Stone             |    32 |     2 ||    34
  Use: Potion            |     6 |       ||     6
       Scroll            |     3 |     1 ||     4
Armor: Scale mail        |     2 |       ||     2
       Robe              |     1 |       ||     1
       Chain mail        |    32 |    50 ||    82
Dodge: Dodged            |    43 |    20 ||    63
       Rpst.: Falchion   |     6 |       ||     6
